 Dungeon Crawl Stone Soup version 0.29-a0-723-gce39da1c22 (webtiles) character file.

Game seed: 4824657000288857868

13123 snetch the Severer (level 11, -5/101 HPs)
             Began as a Minotaur Berserker on June 28, 2022.
             Was an Elder of Trog.
             Slain by a five-headed hydra (10 damage)
             ... on level 11 of the Dungeon.
             The game lasted 00:34:22 (11536 turns).

snetch the Severer (Minotaur Berserker)            Turns: 11536, Time: 00:34:24

Health: -5/101     AC: 20    Str: 26    XL:     11   Next: 71%
Magic:  0/10       EV:  8    Int:  4    God:    Trog [****..]
Gold:   562        SH:  0    Dex: 10    Spells: 10/10 levels left

rFire   . . .      SeeInvis .   c - +2 falchion (flame)
rCold   . . .      Faith    .   (no shield)
rNeg    . . .      Spirit   +   L - +0 plate armour
rPois   .          Reflect  .   (helmet restricted)
rElec   .          Harm     .   Q - +0 cloak
rCorr   .          Rampage  .   n - +2 pair of gloves
Will    .....                   (no boots)
Stlth   ..........              F - amulet of guardian spirit
HPRegen 0.26/turn               (no ring)
MPRegen 0.12/turn               (no ring)

@: no status effects
A: horns 2, retaliatory headbutt
a: Renounce Religion, Berserk, Trog's Hand, Brothers in Arms


You were on level 11 of the Dungeon.
You worshipped Trog.
Trog was greatly pleased with you.
You visited 2 branches of the dungeon, and saw 12 of its levels.
You visited the Abyss 1 time.
You also visited: Bailey.

You collected 562 gold pieces.

Inventory:

Hand Weapons
 a - the +9 lance "Wyrmbane" {slay drac, rPois rF+ rC+ AC+3}
   (You took it off Maggie on level 10 of the Dungeon)

   It inflicts extra damage against dragons and draconians.
   AC:        It affects your AC (+3).
   rF:        It protects you from fire.
   rC:        It protects you from cold.
   rPois:     It protects you from poison.
 b - a +0 battleaxe
 c - a +2 falchion of flaming (weapon)
 d - a +1 hand axe of freezing
 e - the +6 dagger of the Skies Above {holy, rF+ rC+}
   (You found it on level 6 of the Dungeon)

   It has been blessed by the Shining One to cause great damage to the undead
   and demons.
   rF:        It protects you from fire.
   rC:        It protects you from cold.
 W - a +2 halberd of electrocution
Missiles
 i - 51 stones
 m - 3 throwing nets
 s - 11 javelins
 y - 21 boomerangs (quivered)
 G - 9 poisoned darts
 K - 3 silver boomerangs
 V - 3 curare-tipped darts
Armour
 n - a +2 pair of gloves (worn)
 L - a +0 plate armour (worn)
 Q - a +0 cloak (worn)
Jewellery
 h - a ring of fire
 F - an amulet of guardian spirit (around neck)
Wands
 p - a wand of polymorph (14)
 E - a wand of flame (8)
 P - a wand of quicksilver (9)
 R - a wand of paralysis (9)
Scrolls
 f - 6 scrolls of teleportation {unknown}
 g - a scroll of blinking
 k - 2 scrolls of fog
 t - a scroll of vulnerability
 u - a scroll of poison
 w - a scroll of summoning
 C - a scroll of enchant armour
 U - a scroll of immolation
Potions
 j - 2 potions of cancellation {unknown}
 l - 2 potions of resistance {unknown}
 r - 5 potions of haste {unknown}
 x - 2 potions of ambrosia
 z - 3 potions of might
 A - 2 potions of mutation
 B - a potion of attraction
 H - a potion of magic {unknown}
 I - 5 potions of curing
 J - 2 potions of experience {unknown}
 S - 3 potions of invisibility


   Skills:
 + Level 10.9 Fighting
 + Level 16.3 Axes
 + Level 0.2(10.6) Polearms
 + Level 1.6 Throwing
 + Level 11.7 Armour
 + Level 3.2 Dodging
 + Level 0.9 Stealth


You had 10 spell levels left.
You didn't know any spells.
Your spell library contained the following spells:

 Spells                   Type           Power      Damage    Failure   Level
 Conjure Flame            Conj/Fire      0%         6-21      100%        3
 Ignite Poison            Fire/Tmut/Pois 0%         N/A       100%        3
 Sticky Flame             Conj/Fire      0%         2d3       100%        4


Dungeon Overview and Level Annotations

Branches:
Dungeon (11/15)            Temple (1/1) D:6          Bailey (visited)
   Lair: D:8-11         Orc: D:9-12

Altars:
Ashenzari
Dithmenos
Elyvilon
Fedhas
Gozag
Hepliaklqana
Kikubaaqudgha
Makhleb
Nemelex Xobeh
Okawaru
Qazlal
Ru
Sif Muna
Trog
Uskayaw
Vehumet
Wu Jian
Xom
Yredelemnul
Zin

Shops:
D:1 ::[=(   D:7 =   D:8 (


Innate Abilities, Weirdness & Mutations

You have a pair of horns on your head.
You reflexively headbutt those who attack you in melee.


Message History

* * * LOW HITPOINT WARNING * * *
The seven-headed hydra bites you but does no damage. x3
The seven-headed hydra bites you!
* * * LOW HITPOINT WARNING * * *
The seven-headed hydra bites you but does no damage.
Your +2 falchion of flaming bursts into flame!
c - a +2 falchion of flaming (weapon)
You feel much better. The seven-headed hydra bites you.
The seven-headed hydra bites you but does no damage.
The seven-headed hydra closely misses you.
The seven-headed hydra bites you but does no damage. x2
The seven-headed hydra bites you.
The seven-headed hydra bites you but does no damage.
You lop one of the seven-headed hydra's heads off!
The flame cauterises the wound!
You slash the six-headed hydra! You burn the six-headed hydra.
Your headbutt misses the six-headed hydra.
The six-headed hydra is almost dead.
The six-headed hydra bites you!
* * * LOW HITPOINT WARNING * * *
The six-headed hydra bites you!
* * * LOW HITPOINT WARNING * * *
The six-headed hydra bites you but does no damage. x2
The six-headed hydra bites you.
* * * LOW HITPOINT WARNING * * *
The six-headed hydra barely misses you.
You slice one of the six-headed hydra's heads off!
The flame cauterises the wound!
You slash the five-headed hydra! You burn the five-headed hydra.
The five-headed hydra is almost dead.
The five-headed hydra bites you.
* * * LOW HITPOINT WARNING * * *
The five-headed hydra closely misses you.
The five-headed hydra bites you but does no damage. x2
The five-headed hydra barely misses you. x2
You furiously retaliate!
You headbutt the five-headed hydra. The five-headed hydra bites you!
* * * LOW HITPOINT WARNING * * *
The five-headed hydra bites you!
You die...

#
####.#####
#<@D......
#.##......
#.# #####
#.# #.#
#.# #.#
#.#


You could see a five-headed hydra.

Vanquished Creatures
  Harold (D:10)
  Erolcha (D:10)
  A two-headed ogre (D:9)
  Urug (D:10)
  2 death yaks (D:10)
  A wretched star (Abyss:2)
  An orc knight (Bailey)
  A wizard (D:8)
  An orc sorcerer (D:8)
  An ugly thing (D:11)
  2 smoke demons (Abyss:2)
  Maggie (D:10)
  A troll (D:10)
  A wraith (D:9)
  5 yaks
  A ynoxinul (Abyss:2)
  2 acid dragons
  6 orc warriors
  2 ice beasts
  A sky beast (D:6)
  An ogre (D:8)
  A black bear (D:6)
  3 centaurs
  2 phantoms
  3 bullfrogs
  A necrophage (D:7)
  4 scorpions
  5 killer bees (D:9)
  4 howler monkeys
  2 hounds
  3 jellies
  5 orc priests
  14 orc wizards
  6 adders
  10 gnolls
  2 ufetubi (D:5)
  2 worms
  3 dart slugs
  87 orcs
  3 ball pythons
  4 bats
  9 endoplasms
  7 giant cockroaches
  5 hobgoblins
  5 jackals
  7 quokkas
  6 frilled lizards
  10 goblins
  3 kobolds
  6 rats
256 creatures vanquished.

Vanquished Creatures (collateral kills)
  3 death yaks (D:10)
  A yak (D:10)
4 creatures vanquished.

Grand Total: 260 creatures vanquished

Notes
Turn   | Place    | Note
-------+----------+-------------------------------------------
     0 | D:1      | snetch the Minotaur Berserker began the quest for the Orb.
     0 | D:1      | Reached XP level 1. HP: 19/19 MP: 0/0
     0 | D:1      | Noticed a jelly
     0 | D:1      | Noticed a jelly
    43 | D:1      | Found a runed translucent door.
    69 | D:1      | Reached skill level 4 in Axes
   206 | D:1      | Found Dinwogiq's Antique Weapon Shop.
   272 | D:1      | Found Xorroqay's Antique Armour Boutique.
   288 | D:1      | Found Uraupuemp's Book Boutique.
   292 | D:1      | Reached XP level 2. HP: 26/27 MP: 1/1
   352 | D:1      | Found Xoexaric's Book Emporium.
   470 | D:1      | Found Faibom's Jewellery Shoppe.
   766 | D:2      | Reached XP level 3. HP: 32/33 MP: 2/2
   967 | D:3      | Reached ** piety under Trog
  1475 | D:3      | Reached skill level 5 in Axes
  1475 | D:3      | Reached XP level 4. HP: 29/41 MP: 3/3
  1599 | D:2      | Found a faded altar of an unknown god.
  2072 | D:1      | Reached XP level 5. HP: 21/47 MP: 4/4
  2370 | D:3      | Found a white marble altar of Elyvilon.
  2870 | D:4      | Reached skill level 6 in Axes
  3044 | D:4      | Reached *** piety under Trog
  3108 | D:3      | Found a sacrificial altar of Ru.
  3334 | D:4      | Reached XP level 6. HP: 43/55 MP: 5/5
  3845 | D:5      | Entered Level 5 of the Dungeon
  4702 | D:5      | Reached skill level 7 in Axes
  4705 | D:5      | Reached skill level 5 in Fighting
  4767 | D:5      | Identified the +3 robe of Honour {+Inv}
  4845 | D:5      | Reached skill level 5 in Armour
  4845 | D:5      | Reached XP level 7. HP: 61/61 MP: 6/6
  5130 | D:5      | Found a basalt altar of Yredelemnul.
  5130 | D:5      | Found a stormy altar of Qazlal.
  5271 | D:7      | Reached skill level 8 in Axes
  5500 | D:6      | Identified the +6 dagger of the Skies Above {holy, rF+ rC+}
  5760 | D:6      | Reached **** piety under Trog
  5761 | D:6      | Reached XP level 8. HP: 66/70 MP: 7/7
  5982 | D:6      | Found a staircase to the Ecumenical Temple.
  5993 | Temple   | Entered the Ecumenical Temple
  6112 | D:7      | Reached skill level 9 in Axes
  6112 | D:7      | Reached skill level 1 in Throwing
  6839 | D:6      | Reached skill level 10 in Axes
  7056 | D:7      | Found Vedifeb's Jewellery Emporium.
  7246 | D:7      | Found a blossoming altar of Fedhas.
  7417 | D:7      | Reached XP level 9. HP: 58/79 MP: 5/8
  7952 | D:8      | Reached skill level 11 in Axes
  7965 | D:8      | Reached ***** piety under Trog
  7979 | D:8      | Noticed a wizard
  7988 | Abyss:2  | Cast into level 2 of the Abyss (a wizard)
  8023 | Abyss:2  | Noticed a smoke demon
  8049 | Abyss:2  | Killed a smoke demon
  8152 | Abyss:2  | Noticed a wretched star
  8152 | Abyss:2  | Noticed a smoke demon
  8157 | Abyss:2  | Noticed a worldbinder
  8160 | Abyss:2  | Killed a wretched star
  8161 | Abyss:2  | Reached skill level 12 in Axes
  8171 | Abyss:2  | Killed a smoke demon
  8172 | Abyss:2  | Noticed a large abomination
  8177 | D:8      | Escaped the Abyss
  8183 | D:8      | Reached skill level 13 in Axes
  8184 | D:8      | Killed a wizard
  8185 | D:8      | Reached XP level 10. HP: 48/90 MP: 4/9
  8366 | D:8      | Noticed an orc sorcerer
  8379 | D:8      | Paralysed by an orc sorcerer for 3 turns
  8385 | D:8      | Killed an orc sorcerer
  8831 | D:8      | Found Heupeiqi's Antique Weapon Shoppe.
  9015 | D:8      | Reached skill level 14 in Axes
  9026 | D:8      | Found a shimmering blue altar of Sif Muna.
  9486 | D:9      | Noticed a two-headed ogre
  9494 | D:9      | Killed a two-headed ogre
  9860 | D:9      | Reached skill level 10 in Armour
  9897 | D:10     | Entered Level 10 of the Dungeon
 10002 | D:10     | Noticed Harold
 10006 | D:10     | Noticed a death yak
 10008 | D:10     | Noticed a death yak
 10008 | D:10     | Noticed a death yak
 10008 | D:10     | Noticed a death yak
 10010 | D:10     | Noticed a death yak
 10011 | D:10     | Killed a death yak
 10012 | D:10     | Killed a death yak
 10013 | D:10     | Reached skill level 15 in Axes
 10013 | D:10     | Reached XP level 11. HP: 89/97 MP: 8/10
 10016 | D:10     | Killed a death yak
 10024 | D:10     | Killed a death yak
 10026 | D:10     | Killed Harold
 10027 | D:10     | Reached skill level 10 in Fighting
 10031 | D:10     | Killed a death yak
 10111 | D:10     | Noticed Erolcha
 10119 | D:10     | Killed Erolcha
 10148 | D:10     | Found a flagged portal.
 10190 | Bailey   | Entered a bailey
 10593 | Bailey   | Noticed an orc knight
 10608 | Bailey   | Killed an orc knight
 10609 | Bailey   | Reached skill level 16 in Axes
 11017 | D:10     | Noticed Urug
 11022 | D:10     | Killed Urug
 11452 | D:10     | Noticed Maggie
 11467 | D:10     | Killed Maggie
 11519 | D:11     | Noticed a seven-headed hydra
 11519 | D:11     | Noticed a red ugly thing
 11525 | D:11     | Killed a red ugly thing
 11536 | D:11     | HP: 5/101 [five-headed hydra (9)]
 11536 | D:11     | Slain by a five-headed hydra

Illustrated notes

Levels and vault maps discovered:
D:1:      dpeg_arrival_caged_fury, layout_rooms, serial_shops,
          nicolae_shop_stone, shop, nicolae_shop_hallway_stairs, shop,
          nicolae_shop_advertising_works [nicolae_subvault_shop_adworks],
          minmay_pentomino_p2
D:2:      layout_basic, shapermc_ecumenical_altar_totnotflames
D:3:      layout_loops_cross, nicolae_overflow_hidden_temple,
          old_standard_altar, chequers_serial_rivers_small_b,
          roderic_serpentine_path, minmay_crystal_water
D:4:      layout_basic
D:5:      layout_basic, gammafunk_temple_overflow_wave
D:6:      layout_basic, minmay_temple_entry_antechambers
D:7:      layout_loops_ring, mainiacjoe_overflow_alcove_1, serial_shops,
          nicolae_take_the_stairs
D:8:      cheibrodos_wizards_tower, layout_basic, lemuel_tele_altar,
          mainiacjoe_overflow_alcove_4, special_room [special_room_orc],
          serial_shops, shop, chequers_serial_rivers_small_b
D:9:      layout_roguey, lemuel_round_altar, dilly_guarded_unrand_throatcut
D:10:     layout_basic, dpeg_lair_monsters, enter_bailey_3, uniq_harold,
          uniq_urug, uniq_erolcha, uniq_maggie
D:11:     layout_loops_ring, orc_0_dummy, kennysheep_kite_vault, uniq_sonja
Temple:   eino_temple_lava

Skill      XL: |  1  2  3  4  5  6  7  8  9 10 11 |
---------------+----------------------------------+-----
Axes           | 4 5 6 7 8 10 13 15 16 | 16.3
Fighting       | 4 5 6 7 8 9 10 | 10.9
Armour         | 3 4 5 7 8 10 11 | 11.7
Throwing       | 1 |  1.6
Dodging        | 3 |  3.2
Polearms       | |  0.2
Stealth        | |  0.9

Action                   |  1- 3 |  4- 6 |  7- 9 | 10-12 || total
-------------------------+-------+-------+-------+-------++-------
Melee: Hand axe          |    50 |       |       |       ||    50
       Headbutt          |    11 |    17 |    29 |    47 ||   104
       Battleaxe         |    24 |   130 |   227 |   206 ||   587
       Lance             |       |       |       |    12 ||    12
       Falchion          |       |       |       |     2 ||     2
Throw: Stone             |     1 |     3 |    11 |     2 ||    17
Invok: Berserk           |     1 |       |     1 |     4 ||     6
       Trog's Hand       |       |       |     2 |     4 ||     6
       Brothers in Arms  |       |       |       |     2 ||     2
  Use: Scroll            |       |       |       |    15 ||    15
       Potion            |       |       |       |     2 ||     2
Armor: Animal skin       |     2 |       |       |       ||     2
       Ring mail         |    12 |    29 |       |       ||    41
       Chain mail        |       |    34 |    48 |       ||    82
       Scale mail        |       |     1 |       |       ||     1
       Plate armour      |       |       |   182 |   166 ||   348
Dodge: Dodged            |    44 |    83 |   113 |    95 ||   335

Table legend: (Time is in decaauts)
 A = Elapsed time spent in this place.
 B = Non-inter-level travel time spent in this place.
 C = Inter-level travel time spent in this place.
 D = Time resting spent in this place.
 E = Time spent auto-exploring this place.
 F = Levels seen in this place.
 G = Mean time per level.
                   A        B        C        D        E       F      G
               +--------+--------+--------+--------+--------+-----+--------+
         Total |  11713 |  11243 |    470 |     48 |   8178 |  14 |  836.6 |
       Dungeon |  10667 |  10205 |    462 |     13 |   7570 |  11 |  969.7 |
        Temple |     74 |     66 |      8 |      0 |      0 |   1 |   74.0 |
         Abyss |    191 |    191 |      0 |     35 |    101 |   1 |  191.0 |
        Bailey |    779 |    779 |      0 |      0 |    507 |   1 |  779.0 |
               +--------+--------+--------+--------+--------+-----+--------+

Top non-repeatable levels by time:
     D:6: 1621 daAuts
     D:2: 1409 daAuts
     D:7: 1229 daAuts
     D:8: 1143 daAuts
     D:4: 1117 daAuts
     D:5: 1028 daAuts
     D:3: 914 daAuts
     D:1: 871 daAuts
    D:10: 851 daAuts
  Bailey: 779 daAuts
     D:9: 469 daAuts
 Abyss:2: 191 daAuts
  Temple: 74 daAuts
    D:11: 11 daAuts
